 Dungeon Crawl Stone Soup version 0.29.1-15-g9cfb28693d (webtiles) character file.

Game seed: 2537486791642680842

1222 Madmarshman the Chopper (level 8, -2/99 (105) HPs)
             Began as a Minotaur Berserker on Apr 6, 2023.
             Was an Elder of Trog.
             Slain by a wight
             ... wielding a +3 short sword of freezing
              (6 damage)
             ... on level 6 of the Dungeon.
             The game lasted 00:22:26 (5248 turns).

Madmarshman the Chopper (Minotaur Berserker)        Turns: 5248, Time: 00:22:26

HP:   -2/99 (105)   AC:  8    Str: 27    XL:     8   Next: 23%
MP:   0/7           EV: 11    Int:  4    God:    Trog [****..]
Gold: 255           SH:  3    Dex: 10    Spells: 7/7 levels left

rFire   . . .      SeeInvis .   k - +9 morningstar of True Grit {venom, Str+3}
rCold   . . .      Faith    .   m - +0 buckler
rNeg    . . .      Spirit   +   j - +0 scale mail
rPois   .          Reflect  .   (helmet restricted)
rElec   .          Harm     .   (no cloak)
rCorr   .          Rampage  .   n - +0 pair of gloves
Will    .....                   (no boots)
Stlth   ..........              t - amulet of guardian spirit
HPRegen 0.26/turn               (no ring)
MPRegen 0.10/turn               (no ring)

@: berserking, drained, very quick
A: horns 2, retaliatory headbutt
a: Renounce Religion, Berserk, Trog's Hand, Brothers in Arms


You were on level 6 of the Dungeon.
You worshipped Trog.
Trog was greatly pleased with you.
You visited 1 branch of the dungeon, and saw 6 of its levels.

You collected 255 gold pieces.

Inventory:

Hand Weapons
 a - a +0 hand axe
 k - the +9 morningstar of True Grit (weapon) {venom, Str+3}
   (You found it on level 2 of the Dungeon)

   It poisons the flesh of those it strikes.
   Str:       It affects your strength (+3).
Missiles
 b - 9 boomerangs
 e - 32 stones (quivered)
 o - 3 throwing nets
 s - 6 silver javelins
 x - 6 poisoned darts
 y - a curare-tipped dart
Armour
 j - a +0 scale mail (worn)
 m - a +0 buckler (worn)
 n - a +0 pair of gloves (worn)
 v - an orb of wrath
Jewellery
 t - an amulet of guardian spirit (around neck)
 w - a ring of see invisible
Wands
 u - a wand of polymorph (19)
Scrolls
 c - 4 scrolls of teleportation
 d - a scroll of poison
 h - a scroll of magic mapping
 i - a scroll of amnesia
Potions
 f - a potion of curing {unknown}
 g - a potion of flight
 l - a potion of degeneration {unknown}
 p - 2 potions of might
 q - a potion of invisibility {unknown}
 r - 2 potions of haste
 z - a potion of brilliance {unknown}
 A - a potion of ambrosia {unknown}
 B - a potion of resistance {unknown}
 C - a potion of lignification {unknown}


   Skills:
 + Level 6.0 Fighting
 * Level 7.9(8.4) Axes
 + Level 4.1(6.5) Maces & Flails
 + Level 5.4 Armour
 + Level 4.9 Dodging


You had 7 spell levels left.
You didn't know any spells.
Your spell library was empty.

Dungeon Overview and Level Annotations

Branches:
Dungeon (6/15)
 Temple: D:4-7

Altars:
Xom

Shops:
D:5 *


Innate Abilities, Weirdness & Mutations

You have a pair of horns on your head.
You reflexively headbutt those who attack you in melee.


Message History

You feel drained. The wight freezes you. The wight hits you with a +3 halberd!
The wight barely misses you.
You puncture the wight! Your headbutt misses the wight.
The wight is severely damaged.
The wight closely misses you. The wight hits you with a +3 halberd.
You feel drained. The wight hits you with a +0 halberd! The wight misses you.
You furiously retaliate!
You headbutt the wight!
You destroy the wight!
Trog accepts your kill. The wight hits you with a +3 halberd.
You feel drained.
The wight hits you with a +3 short sword of freezing.
* * * LOW HITPOINT WARNING * * *
The wight freezes you.
* * * LOW HITPOINT WARNING * * *
Your Fighting skill increases to level 6!
A red film seems to cover your vision as you go berserk!
You feel yourself moving faster!
You feel mighty!
The wight hits you with a +3 short sword of freezing.
* * * LOW HITPOINT WARNING * * *
You feel drained.
* * * LOW HITPOINT WARNING * * *
The wight freezes you.
* * * LOW HITPOINT WARNING * * *
The wight hits you with a +3 halberd.
* * * LOW HITPOINT WARNING * * *
You barely miss the wight. Your headbutt misses the wight.
The wight is severely damaged.
You thump the wight!
You destroy the wight!
Trog accepts your kill.
The wight hits you with a +3 short sword of freezing.
* * * LOW HITPOINT WARNING * * *
You feel drained.
* * * LOW HITPOINT WARNING * * *
The wight freezes you.
* * * LOW HITPOINT WARNING * * *
You closely miss the wight. You headbutt the wight!
The wight is severely damaged.
The wight hits you with a +3 short sword of freezing.
You die...

##### ##...##
########.....#####
#######........)@)......
...............).z.#####
.####......####........
.# #.#.#### ##.#....>.
.# #.#.# #.####### .#
#.#.# #.# .# #.#.# #.#
<# #.#.# #.# .# #.#.#


You could see a wight.

Vanquished Creatures
  Eustachio (D:5)
  A water moccasin (D:6)
  2 ice beasts
  A phantom (D:6)
  A kobold brigand (D:6)
  A scorpion (D:5)
  2 wights (D:6)
  A hound (D:5)
  2 orc priests (D:4)
  A jelly (D:6)
  5 iguanas
  2 orc wizards
  5 adders
  A shadow imp (D:5)
  2 ufetubi
  4 worms
  A dart slug (D:3)
  21 orcs
  A bat (D:3)
  7 endoplasms
  4 giant cockroaches
  3 goblins
  8 hobgoblins
  8 kobolds
  5 quokkas
  5 ball pythons (D:1)
  4 frilled lizards
  8 rats
107 creatures vanquished.

Notes
Turn   | Place    | Note
-------+----------+-------------------------------------------
     0 | D:1      | Madmarshman the Minotaur Berserker began the quest for the
                  | Orb.
     0 | D:1      | Reached XP level 1. HP: 19/19 MP: 0/0
   358 | D:1      | Reached XP level 2. HP: 27/27 MP: 1/1
   390 | D:1      | Reached skill level 4 in Axes
  1579 | D:2      | Reached ** piety under Trog
  1664 | D:2      | Reached XP level 3. HP: 28/33 MP: 2/2
  2093 | D:2      | Identified the +9 morningstar of True Grit {venom, Str+3}
  2101 | D:2      | Found a faded altar of an unknown god.
  2229 | D:2      | Found a shimmering altar of Xom.
  2588 | D:3      | Reached XP level 4. HP: 37/40 MP: 3/3
  3050 | D:3      | Reached skill level 1 in Maces & Flails
  3335 | D:3      | Reached skill level 5 in Axes
  3341 | D:3      | Reached *** piety under Trog
  3413 | D:4      | Reached XP level 5. HP: 41/47 MP: 4/4
  4025 | D:5      | Entered Level 5 of the Dungeon
  4171 | D:5      | Reached XP level 6. HP: 53/53 MP: 5/5
  4221 | D:5      | Noticed Eustachio
  4235 | D:5      | Killed Eustachio
  4236 | D:5      | Reached skill level 5 in Fighting
  4236 | D:5      | Reached skill level 6 in Axes
  4308 | D:5      | Noticed an ice beast
  4320 | D:5      | Killed an ice beast
  4321 | D:5      | Reached XP level 7. HP: 31/61 MP: 3/6
  4659 | D:5      | Found Ysmirod's Neck Hole.
  4928 | D:6      | Reached **** piety under Trog
  4944 | D:6      | Reached skill level 7 in Axes
  5027 | D:6      | Reached skill level 5 in Armour
  5197 | D:6      | Reached XP level 8. HP: 70/70 MP: 7/7
  5247 | D:6      | HP: 4/96 [wight/+3 short sword of freezing (1)]
  5248 | D:6      | Slain by a wight

Illustrated notes

Levels and vault maps discovered:
D:1:      dpeg_arrival_refuge, layout_loops_corners
D:2:      layout_rooms, basic_altar, chequers_ecumenical_altar_simple,
          dk_noncrumbling_3
D:3:      layout_basic
D:4:      layout_rooms, amcnicky_mini_pool_small
D:5:      layout_rooms, cheibrodos_sewer_entry_bend, grunt_ministairs_13,
          nicolae_shop_sticking_my_neck_out, uniq_eustachio
D:6:      layout_loops_ring, minmay_temple_entry_stoned_glass,
          uniq_crazy_yiuf_cottage

Skill      XL: |  1  2  3  4  5  6  7  8 |
---------------+-------------------------+-----
Axes           | 4 5 6 7 |  7.9
Fighting       | 4 5 6 |  6.0
Armour         | 3 4 5 |  5.4
Maces & Flails | 1 2 3 4 |  4.1
Dodging        | 3 4 |  4.9

Action                   |  1- 3 |  4- 6 |  7- 9 || total
-------------------------+-------+-------+-------++-------
Melee: Hand axe          |    68 |       |       ||    68
       Headbutt          |     9 |     1 |     8 ||    18
       Morningstar       |    12 |    86 |    48 ||   146
Throw: Stone             |     2 |       |       ||     2
Invok: Berserk           |       |       |     1 ||     1
  Use: Scroll            |     4 |     3 |     2 ||     9
 Stab: Distracted        |       |       |     1 ||     1
Armor: Animal skin       |     9 |       |       ||     9
       Scale mail        |     5 |    28 |    10 ||    43
Dodge: Dodged            |    41 |    43 |    25 ||   109
Block: Buckler           |     1 |    10 |     2 ||    13
